 Dungeon Crawl Stone Soup version 0.24.0-1-gfbc8707122 (webtiles) character file.

Game seed: 900191014896004216, levelgen mode: deterministic

86 MTVSty1e the Chopper (level 4, -2/39 HPs)
             Began as a Minotaur Fighter on Oct 28, 2019.
             Slain by an iron imp (5 damage)
             ... summoned by Natasha
             ... on level 3 of the Dungeon.
             The game lasted 00:01:46 (1666 turns).

MTVSty1e the Chopper (Minotaur Fighter)             Turns: 1666, Time: 00:01:46

Health: -2/39      AC:  6    Str: 24    XL:     4   Next: 27%
Magic:  3/3        EV:  7    Int:  5    God:
Gold:   114        SH:  9    Dex: 10    Spells: 3/3 levels left

rFire    . . .     SeeInvis .   a - +0 war axe
rCold    . . .     Gourm    .   c - +0 shield
rNeg     . . .     Faith    .   b - +0 scale mail
rPois    .         Spirit   .   (helmet restricted)
rElec    .         Reflect  .   (no cloak)
rCorr    .         Harm     .   (no gloves)
MR       .....     Clarity  +   (no boots)
Stlth    ..........             (no amulet)
HPRegen  0.13/turn              (no ring)
MPRegen  0.08/turn              (no ring)

@: mighty, slowed, very slow
A: retaliatory headbutt, horns 2, clarity, deterioration 1, weak 1, wild magic 1
a: no special abilities


You were on level 3 of the Dungeon.
You were hungry.

You visited 1 branch of the dungeon, and saw 3 of its levels.

You collected 114 gold pieces.

Inventory:

Hand Weapons
 a - a +0 war axe (weapon)
Armour
 b - a +0 scale mail (worn)
 c - a +0 shield (worn)
Jewellery
 g - an uncursed ring of ice {unknown}
Scrolls
 e - 3 scrolls of teleportation {unknown}
 h - a scroll of noise {unknown}
 k - 5 scrolls of identify {unknown}
 n - 2 scrolls of immolation {unknown}
 p - a scroll of fear {unknown}
 r - a scroll of remove curse {unknown}
Potions
 i - a potion of heal wounds {unknown}
 j - 3 potions of agility
 l - a potion of berserk rage {unknown}
 m - a potion of haste {unknown}
 o - 3 potions of lignification {unknown}
 q - 2 potions of curing {unknown}
 s - a potion of resistance {unknown}
Comestibles
 f - 4 rations


   Skills:
 - Level 3.6 Fighting
 * Level 5.5 Axes
 - Level 3.6 Armour
 - Level 3.6 Shields


You had 3 spell levels left.
You didn't know any spells.
Your spell library contained the following spells:

 Spells                   Type           Power        Failure   Level  Hunger
 Animate Skeleton         Necr           N/A          100%        1    ##.....
 Apportation              Tloc           #.....       100%        1    ##.....
 Confusing Touch          Hex            #.....       100%        1    ##.....
 Summon Small Mammal      Summ           #...         100%        1    ##.....


Dungeon Overview and Level Annotations

Branches:
Dungeon (3/15)

Altars:
Wu Jian

Annotations:
D:3 Natasha


Innate Abilities, Weirdness & Mutations

You reflexively headbutt those who attack you in melee.
You have a pair of horns on your head.
You possess an exceptional clarity of mind.
Your body sometimes deteriorates upon taking damage.
You are weak. (Str -2)
Your spells are a little harder to cast, but a little more powerful.


Message History

You closely miss Natasha. You hit the rat.
You kill the rat!
Natasha casts a spell.
You block the iron imp's attack. Natasha claws you.
Unknown command.
You closely miss Natasha. You headbutt Natasha!
Natasha is heavily wounded.
You hit the iron imp. Natasha claws you. The iron imp closely misses you.
You furiously retaliate!
You headbutt the iron imp. The white imp gestures at you.
The puff of frost hits you.
* * * LOW HITPOINT WARNING * * *
The iron imp hits you.
* * * LOW HITPOINT WARNING * * *
Natasha barely misses you.
You feel very mighty all of a sudden. Natasha claws you.
* * * LOW HITPOINT WARNING * * *
You block the white imp's attack. The iron imp hits you.
You die...

#.# .# ####.##[#
#.......## #
#........# ..
#........##.##
#............#
####.....5......#
#.....†.@h.......
#!.......5.......
#.....#####%#.##.
#..... .. #####
.# #


You could see an iron imp, Natasha and a white imp.

Vanquished Creatures
  3 adders (D:2)
  5 worms (D:2)
  A dart slug (D:2)
  A leopard gecko (D:2)
  3 goblins
  9 hobgoblins
  3 jackals (D:2)
  5 kobolds
  A ball python (D:1)
  4 bats
  3 frilled lizards
  A leopard gecko skeleton (D:2)
  4 rats
43 creatures vanquished.

Notes
Turn   | Place    | Note
-------+----------+-------------------------------------------
     0 | D:1      | MTVSty1e the Minotaur Fighter began the quest for the Orb.
     0 | D:1      | Reached XP level 1. HP: 19/19 MP: 0/0
    85 | D:1      | Reached skill level 3 in Axes
   126 | D:1      | Reached XP level 2. HP: 25/26 MP: 1/1
   637 | D:2      | Reached skill level 4 in Axes
   651 | D:2      | Reached XP level 3. HP: 28/31 MP: 2/2
   831 | D:2      | Reached skill level 5 in Axes
   952 | D:2      | Gained mutation: You possess an exceptional clarity of
                  | mind. [potion of mutation]
   952 | D:2      | Gained mutation: Your body sometimes deteriorates upon
                  | taking damage. [potion of mutation]
   952 | D:2      | Gained mutation: You are weak. (Str -2) [potion of
                  | mutation]
   952 | D:2      | Gained mutation: Your spells are a little harder to cast,
                  | but a little more powerful. [potion of mutation]
   954 | D:2      | Reached XP level 4. HP: 13/39 MP: 3/3
  1157 | D:2      | Found an ornate altar of the Wu Jian Council.
  1383 | D:2      | Found a faded altar of an unknown god.
  1658 | D:3      | Noticed Natasha
  1666 | D:3      | Slain by an iron imp

Levels and vault maps discovered:
D:1:      sevenhm_arrival_forest_fort_small_1, layout_rooms, serial_forest,
          infiniplex_forest_clump_small, infiniplex_forest_end_2,
          infiniplex_forest_corner_2, infiniplex_forest_zigzag_1,
          infiniplex_forest_straight_4, infiniplex_forest_clump_tiny,
          infiniplex_forest_lined_room_, corexii_item_surrounded_by_moat
D:2:      layout_loops_ring, lemuel_coloured_pillars_altar,
          chequers_ecumenical_altar_twisty, minmay_crystal_room
D:3:      layout_basic, marbit_many_paths, zin_treasury, first_ration,
          uniq_sigmund, uniq_natasha

Skill      XL: |  1  2  3 |
---------------+----------+-----
Axes           | 3 4 5 |  5.5
Fighting       | |  3.6
Armour         | |  3.6
Shields        | |  3.6

Action                   |  1- 3 |  4- 6 || total
-------------------------+-------+-------++-------
Melee: War axe           |    85 |    13 ||    98
       Headbutt          |    13 |     1 ||    14
  Use: Potion            |     2 |     1 ||     3
  Eat: Chunk             |       |     2 ||     2
Armor: Scale mail        |    44 |     3 ||    47
Dodge: Dodged            |    29 |     4 ||    33
Block: Shield            |    49 |     9 ||    58
